 Dungeon Crawl Stone Soup version 0.29.0-11-gd7f09526c8 (webtiles) character file.

Game seed: 13795279757067970803

115 SensoryNuts the Cudgeller (level 4, 0/44 HPs)
             Began as a Troll Fighter on Sept 2, 2022.
             Slain by a goblin
             ... wielding a +0 club
             ... led by Robin
              (3 damage)
             ... on level 3 of the Dungeon.
             The game lasted 00:02:58 (1393 turns).

SensoryNuts the Cudgeller (Troll Fighter)           Turns: 1393, Time: 00:02:59

Health: 0/44       AC:  4    Str: 25    XL:     4   Next: 68%
Magic:  3/3        EV:  8    Int:  8    God:
Gold:   133        SH:  7    Dex:  8    Spells: 3/3 levels left

rFire   . . .      SeeInvis .   j - +2 mace (vorpal)
rCold   + . .      Faith    .   c - +0 kite shield
rNeg    . . .      Spirit   .   b - +0 robe
rPois   .          Reflect  .   (helmet restricted)
rElec   .          Harm     .   (no cloak)
rCorr   .          Rampage  .   (gloves unavailable)
Will    .....                   (boots unavailable)
Stlth   +.........              (no amulet)
HPRegen 0.94/turn               (no ring)
MPRegen 0.08/turn               (no ring)

@: on berserk cooldown, slowed, very slow
A: large, unfitting armour, claws 3, regeneration 1, shaggy fur 1, tough skin 1,
talons 1, clever 1, cold resistance 1, screaming 1
a: no special abilities


You were on level 3 of the Dungeon.
You visited 1 branch of the dungeon, and saw 3 of its levels.

You collected 133 gold pieces.

Inventory:

Hand Weapons
 a - a +0 flail
 j - a +2 vorpal mace (weapon)
Armour
 b - a +0 robe (worn)
 c - a +0 kite shield (worn)
Jewellery
 h - an amulet of guardian spirit
 o - a ring of flight
Scrolls
 g - a scroll of identify
 i - a scroll of poison
Potions
 e - a potion of magic


   Skills:
 + Level 2.8 Fighting
 * Level 3.5 Maces & Flails
 + Level 2.9 Dodging
 + Level 3.0 Shields


You had 3 spell levels left.
You didn't know any spells.
Your spell library was empty.

Dungeon Overview and Level Annotations

Branches:
Dungeon (3/15)

Altars:


Innate Abilities, Weirdness & Mutations

You are too large for most types of armour.
You have claws for hands.
Your natural rate of healing is unusually fast.
You are covered in fur. (AC +1)
You have tough skin. (AC +1)
You have sharp toenails.
Your mind is acute. (Int +4, Str/Dex -1)
Your flesh is cold resistant. (rC+)
You occasionally shout uncontrollably at your foes.


Message History

You block Robin's attack. The goblin hits you with a +0 club.
You hit Robin.
Robin is heavily wounded.
You block the goblin's attack. The goblin hits you but does no damage.
Robin hits you with a +5 club.
* * * LOW HITPOINT WARNING * * *
Robin hits you with a +5 club.
* * * LOW HITPOINT WARNING * * *
The goblin hits you with a +0 club.
* * * LOW HITPOINT WARNING * * *
The goblin hits you but does no damage.
You hit Robin.
Robin is heavily wounded.
The goblin closely misses you. The goblin barely misses you.
Robin roars a battlecry!
The goblins go into a battle-frenzy!
The goblin hits you with a +0 club.
* * * LOW HITPOINT WARNING * * *
The goblin barely misses you.
You hit Robin. Your kick misses Robin.
Robin is almost dead.
The goblin hits you but does no damage. You block the goblin's attack.
You block Robin's attack. The goblin hits you but does no damage.
The goblin hits you with a +0 club.
* * * LOW HITPOINT WARNING * * *
You hit Robin.
You kill Robin!
You block the goblin's attack. x2; The goblin hits you with a +0 club.
* * * LOW HITPOINT WARNING * * *
The goblin hits you but does no damage.
You barely miss the goblin. The goblin hits you with a +0 club.
* * * LOW HITPOINT WARNING * * *
You block the goblin's attack. The goblin closely misses you.
The goblin hits you with a +0 club.
* * * LOW HITPOINT WARNING * * *
You closely miss the goblin. You claw the goblin.
The goblin is severely wounded.
The goblin hits you but does no damage. The goblin closely misses you. x2
The goblin hits you with a +0 club.
You die...

###### ########### #....#
#.......... #####....##
#.......... .........[#
#..........
#####.....#######.....!....
...........................
...####.#.#######g)........
#### #.#.....)g@).......##
#....#############.# #....#
.. #....# # #....# #.....
##...## #...# #...#


You could see 2 goblins.

Vanquished Creatures
  An orc priest (D:2)
  Robin (D:3)
  An adder (D:3)
  3 worms (D:2)
  2 dart slugs
  2 orcs (D:2)
  6 ball pythons
  2 endoplasms
  2 giant cockroaches (D:2)
  12 goblins
  7 hobgoblins
  2 jackals (D:3)
  A quokka (D:2)
  A bat (D:1)
  3 kobolds
  3 rats (D:2)
  A spectral kobold (D:1)
50 creatures vanquished.

Notes
Turn   | Place    | Note
-------+----------+-------------------------------------------
     0 | D:1      | SensoryNuts the Troll Fighter began the quest for the Orb.
     0 | D:1      | Reached XP level 1. HP: 22/22 MP: 0/0
   161 | D:1      | Reached XP level 2. HP: 26/29 MP: 1/1
   404 | D:1      | Found a faded altar of an unknown god.
   829 | D:2      | Reached XP level 3. HP: 34/36 MP: 2/2
   910 | D:2      | Gained mutation: Your flesh is cold resistant. (rC+)
                  | [potion of mutation]
   910 | D:2      | Gained mutation: Your mind is acute. (Int +4, Str/Dex -1)
                  | [potion of mutation]
   910 | D:2      | Gained mutation: You occasionally shout uncontrollably at
                  | your foes. [potion of mutation]
   910 | D:2      | Gained mutation: You have sharp toenails. [potion of
                  | mutation]
   913 | D:2      | Reached XP level 4. HP: 8/44 MP: 3/3
  1361 | D:3      | Noticed Robin
  1391 | D:3      | Killed Robin
  1392 | D:3      | HP: 1/44 [goblin/+0 club[Robin] (3)]
  1393 | D:3      | Slain by a goblin

Illustrated notes

Levels and vault maps discovered:
D:1:      reono_arrival_mine, layout_rooms,
          dreamdust_ecumenical_altar_drowned_temple, minmay_tromino_v2
D:2:      layout_basic
D:3:      layout_basic, cheibrodos_gnoll_hut, uniq_robin

Skill      XL: |  1  2  3  4 |
---------------+-------------+-----
Maces & Flails | 2 3 |  3.5
Shields        | 3 |  3.0
Fighting       | |  2.8
Dodging        | |  2.9

Action                   |  1- 3 |  4- 6 || total
-------------------------+-------+-------++-------
Melee: Flail             |    50 |       ||    50
       Mace              |    32 |    46 ||    78
       Kick              |       |     6 ||     6
  Use: Potion            |     4 |     1 ||     5
       Scroll            |       |     4 ||     4
Armor: Robe              |    20 |    40 ||    60
Dodge: Dodged            |    29 |    43 ||    72
Block: Kite shield       |    38 |    27 ||    65
